 Dungeon Crawl Stone Soup version 0.32-a0-613-g40f424ee2b (webtiles) character file.

Game seed: 12864460627547878986

6349 glosham the Prestidigitator (level 10, 0/127 HPs)
             Began as a Coglin Gladiator on Mar 5, 2024.
             Was a Priest of Cheibriados.
             Slain by Erica the manticore (4 damage)
             ... on level 10 of the Dungeon.
             The game lasted 01:54:00 (5500 turns).

glosham the Prestidigitator (Coglin Gladiator)      Turns: 5500, Time: 01:54:01

Health: 0/127      AC: 25    Str: 22    XL:     10   Next: 96%
Magic:  10/10      EV:  2    Int: 18    God:    Cheibriados [***...]
Gold:   390        SH:  0    Dex: 23    Spells: 9/9 levels left

rFire   . . .        a - +2 dagger (elec) {Fritz}
rCold   . . .        b - +1 dagger (venom) {Kanlaya}
rNeg    . . .        X - melded +4 chain mail
rPois   +            T - melded +2 helmet
rElec   .            Y - melded +0 cloak
rCorr   .            (gloves currently unavailable)
SInv    .            V - melded +1 pair of boots
Will    .....        (no amulet)
Stlth   ++           (no ring)
HPRegen 0.41/turn    (no ring)
MPRegen 0.12/turn    (no gizmo)

%: no passive effects
@: lethally poisoned (0 -> -1), tree-form, slowed, revving, very slow
A: stationary, stasis, torment immunity, boosted hp, off-hand wielding, slow
wielding, warmup strikes, (no jewellery)
a: Invent Gizmo, Renounce Religion, Bend Time, Temporal Distortion


You were on level 10 of the Dungeon.
You worshipped Cheibriados.
Cheibriados was most pleased with you.
You were a tree.
You visited 2 branches of the dungeon, and saw 11 of its levels.

You collected 450 gold pieces.
You spent 60 gold pieces at shops.

Inventory:

Hand Weapons
 a - a +2 dagger of electrocution (weapon) {Fritz}
 b - a +1 dagger of venom (offhand) {Kanlaya}
 k - a +3 broad axe
 n - a +0 quarterstaff {Appius}
 o - a +2 hand axe of electrocution
 w - a +1 dagger of holy wrath
 D - a +3 morningstar
 E - a +4 halberd
Missiles
 e - 13 javelins
 x - a curare-tipped dart
 B - 17 boomerangs (quivered)
 C - 10 poisoned darts
Armour
 d - +0 steam dragon scales
 q - a +0 chain mail of cold resistance
 r - a +0 robe
 u - a +0 ring mail
 T - a +2 helmet (melded)
 V - a +1 pair of boots (melded)
 X - a +4 chain mail (melded)
 Y - a +0 cloak (melded)
Wands
 f - a wand of flame (9)
 j - a wand of polymorph (5)
 m - a wand of iceblast (3)
Scrolls
 g - a scroll of revelation
 h - 2 scrolls of butterflies
 p - a scroll of identify
 v - a scroll of immolation
 y - 2 scrolls of torment
 z - a scroll of poison
 F - a scroll of amnesia
Potions
 c - a potion of enlightenment
 i - 3 potions of attraction
 l - 2 potions of cancellation
 t - a potion of magic


   Skills:
 * Level 9.8 Fighting
 - Level 4.0 Staves
 - Level 1.7 Throwing
 - Level 5.0 Armour
 + Level 6.6 Dodging
 * Level 11.9 Evocations


You had 9 spell levels left.
You didn't know any spells.
Your spell library contained the following spells:

 Spells                   Type           Power      Damage    Failure   Level
 Sting                    Conj/Alch      0%         1d3       22%         1
 Mercury Vapours          Alch/Air       0%         N/A       32%         2
 Olgreb's Toxic Radiance  Alch           0%         N/A       91%         4


Dungeon Overview and Level Annotations

Branches:
Dungeon (10/15)            Temple (1/1) D:6            Lair (0/5) D:9
    Orc: D:9-12

Altars:
Ashenzari
Cheibriados
Dithmenos
Elyvilon
Fedhas
Gozag
Hepliaklqana
Kikubaaqudgha
Makhleb
Nemelex Xobeh
Okawaru
Qazlal
Ru
Sif Muna
Trog
Uskayaw
Vehumet
Wu Jian
Xom
Yredelemnul
Zin
The Shining One

Shops:
D:4 *

Annotations:
D:10 Erica


Innate Abilities, Weirdness & Mutations

You are a tree.
Your roots penetrate the ground, keeping you stationary.
You cannot be teleported.
You are immune to unholy pain and torment.
Your maximum health is greatly increased.
Your equipment is partially melded.
You can wield a second weapon in your off-hand.
It takes a long time for you to wield or remove held weapons.
Your first few attacks do less damage.
((You cannot equip rings or amulets.))


Message History

Aiming: Polymorph
Press: ? - help, Shift-Dir - straight line, f/p - Erica
Aim: Erica the death drake (moderately wounded, will become a manticore, a moth of wrath, or a glass eye, chance to affect: 57%) Erica the death drake evaporates and reforms as a manticore!
You feel very sick. Erica bites you but does no damage.
Erica claws you but does no damage. x2
You barely miss Erica with your +2 dagger of electrocution.
Erica is moderately wounded.
You hit Erica with your +1 dagger of venom.
Erica is poisoned.
You feel sick. Erica bites you! Erica claws you. x2
Erica bites you!
* * * LOW HITPOINT WARNING * * *
Erica claws you but does no damage. Erica barely misses you.
You barely miss Erica with your +2 dagger of electrocution.
Erica is moderately wounded.
You hit Erica with your +1 dagger of venom.
Erica looks as sick as possible!
You feel sick. Erica bites you!
* * * LOW HITPOINT WARNING * * *
Erica claws you but does no damage. Erica completely misses you.
You feel much better.
You feel sick. Erica bites you!
Erica claws you but does no damage. x2; Erica bites you.
Erica completely misses you. Erica claws you.
You barely miss Erica with your +1 dagger of venom.
Erica is moderately wounded.
You hit Erica but do no damage. Lightning courses through Erica!
You feel sick. Erica bites you!
* * * LOW HITPOINT WARNING * * *
Erica claws you but does no damage. Erica claws you!
* * * LOW HITPOINT WARNING * * *
Aiming: Throw Flame
Press: ? - help, Shift-Dir - straight line, f/p - Erica
Aim: Erica the manticore (severely wounded, very poisoned, 87% to hit)
The puff of flame hits Erica!
Erica is almost dead.
You feel sick. Erica bites you!
* * * LOW HITPOINT WARNING * * *
Erica claws you but does no damage. x2; Erica bites you but does no damage.
Erica claws you but does no damage. Erica claws you.
You die...
Cheibriados appreciates the motionlessness of death.

#..........
#..........
.(..#......
..............
#...).........
#.............
#.H...# #..... .
#.♣## ##..... ..
#.#..###...# ..
# ###.[[..#
##......
##.<.####.......
#...###........
#....#.........
#..#...........
#..##..........
###
#..#...........


You could see Erica the manticore (very poisoned).

Vanquished Creatures
  2 death knights (D:8)
  A two-headed ogre (D:9)
  A tengu conjurer (D:8)
  The ghost of Revguard the Sneak, a novice VSBr of Dithmenos (D:4)
  A wraith (D:10)
  A wyvern (D:7)
  2 yaks
  2 steam dragons
  A water moccasin (D:9)
  An acid dragon (D:8)
  2 orc warriors
  An ice beast (D:4)
  A black bear (D:4)
  3 centaurs
  A phantom (D:6)
  4 bullfrogs
  4 kobold brigands
  2 gnoll sergeants
  2 scorpions
  8 wights
  4 killer bees (D:8)
  A howler monkey (D:8)
  An electric eel (D:9)
  2 bombardier beetles
  5 hounds
  4 orc priests
  A sleepcap (D:5)
  A gnoll bouda (D:7)
  4 iguanas
  7 orc wizards
  16 gnolls
  10 adders
  A shadow imp (D:8)
  A white imp (D:6)
  2 ribbon worms
  2 dart slugs (D:4)
  20 orcs
  4 ball pythons
  6 bats
  5 endoplasms
  4 giant cockroaches
  A goblin (D:2)
  8 hobgoblins
  6 quokkas
  A frilled lizard (D:1)
  31 kobolds
  2 rats (D:2)
191 creatures vanquished.

Notes
Turn   | Place    | Note
-------+----------+-------------------------------------------
     0 | D:1      | glosham the Coglin Gladiator began the quest for the Orb.
     0 | D:1      | Reached XP level 1. HP: 16/16 MP: 1/1
     6 | D:1      | Noticed a swamp drake
     6 | D:1      | Noticed a lindwurm
     6 | D:1      | Noticed a scorpion
     6 | D:1      | Noticed a crocodile
    68 | D:1      | Reached skill level 3 in Staves
   123 | D:1      | Reached XP level 2. HP: 22/22 MP: 2/2
   257 | D:1      | Reached XP level 3. HP: 24/27 MP: 3/3
   425 | D:2      | Found a faded altar of an unknown god.
   601 | D:5      | Entered Level 5 of the Dungeon
   624 | D:5      | Reached XP level 4. HP: 6/34 MP: 4/4
   626 | D:5      | Reached skill level 1 in Armour
   626 | D:5      | Reached skill level 3 in Dodging
   866 | D:2      | Reached skill level 3 in Fighting
   866 | D:2      | Reached XP level 5. HP: 33/41 MP: 5/5
   930 | D:2      | Found a basalt altar of Yredelemnul.
  1637 | D:4      | Reached skill level 1 in Evocations
  1663 | D:4      | Found a runed translucent door.
  1663 | D:4      | Noticed Revguard's ghost (novice VSBr)
  1689 | D:4      | Killed Revguard's ghost
  1690 | D:4      | Reached skill level 3 in Evocations
  1690 | D:4      | Reached XP level 6. HP: 29/48 MP: 6/6
  1770 | D:4      | Reached XP level 7. HP: 47/54 MP: 7/7
  2145 | D:4      | Reached skill level 4 in Evocations
  2286 | D:4      | Found Ricasog's General Store.
  2486 | D:4      | Bought a potion of heal wounds for 60 gold pieces
  2518 | D:5      | Reached skill level 5 in Evocations
  2569 | D:4      | Reached XP level 8. HP: 41/62 MP: 8/8
  2636 | D:5      | Found a white marble altar of Elyvilon.
  2927 | D:4      | You fall into a shaft and drop 1 floor!
  3008 | D:6      | Reached skill level 3 in Armour
  3015 | D:6      | Found an ancient bone altar of Kikubaaqudgha.
  3015 | D:6      | Found a radiant altar of Vehumet.
  3016 | D:6      | Found a hide-covered altar of Uskayaw.
  3063 | D:6      | Reached skill level 6 in Evocations
  3122 | D:6      | Reached skill level 6 in Fighting
  3152 | D:6      | Found a staircase to the Ecumenical Temple.
  3158 | Temple   | Entered the Ecumenical Temple
  3209 | Temple   | Became a worshipper of Cheibriados the Contemplative
  3388 | D:7      | Noticed a wyvern
  3394 | D:7      | Killed a wyvern
  3430 | D:7      | Reached skill level 7 in Evocations
  3572 | D:7      | Reached XP level 9. HP: 67/71 MP: 9/9
  3655 | D:7      | Reached * piety under Cheibriados
  3784 | D:7      | Reached skill level 8 in Evocations
  4161 | D:8      | Reached ** piety under Cheibriados
  4249 | D:8      | Reached skill level 9 in Evocations
  4613 | D:9      | Noticed a two-headed ogre
  4656 | D:9      | Noticed a death knight
  4656 | D:9      | Found a staircase to the Lair.
  4673 | D:8      | Killed a death knight
  4674 | D:8      | Reached skill level 10 in Evocations
  4674 | D:8      | Reached XP level 10. HP: 15/82 MP: 10/10
  4805 | D:9      | Killed a two-headed ogre
  4806 | D:9      | Reached skill level 6 in Dodging
  4814 | D:8      | Reached skill level 9 in Fighting
  4864 | D:8      | Reached *** piety under Cheibriados
  4872 | D:8      | Reached skill level 11 in Evocations
  4890 | D:9      | Noticed a two-headed ogre
  4891 | D:9      | Noticed a death knight
  4971 | D:9      | Noticed a skeletal warrior
  5174 | D:8      | Killed a death knight
  5339 | D:10     | Entered Level 10 of the Dungeon
  5490 | D:10     | Noticed Erica
  5492 | D:10     | Erica changed into Erica the death drake
  5492 | D:10     | Noticed Erica
  5495 | D:10     | Erica the death drake changed into Erica the manticore
  5495 | D:10     | Noticed Erica
  5500 | D:10     | HP: 12/127 [poisoned by Erica (bolt of poison)]
  5500 | D:10     | HP: 4/127 [Erica the manticore (8)]
  5500 | D:10     | Slain by Erica the manticore

Illustrated notes

Levels and vault maps discovered:
D:1:      onia_arrival_zoo_common, layout_rooms
D:2:      layout_rooms, ebering_ecumenical_altar_abandoned, basic_altar,
          chequers_serial_rivers_marsh
D:3:      layout_basic, kennysheep_decorative_pillar
D:4:      layout_layer_cave, serial_shops, nicolae_lakefront_shop,
          hellmonk_ghost_happy_afterlife, minmay_stone_trees_large
D:5:      layout_cave_pools, mainiacjoe_overflow_chevrons
D:6:      layout_rooms, chequers_temple_overflow_statue_of_worship,
          minmay_temple_entry_enclosed_plants
D:7:      layout_basic
D:8:      layout_loops_ring
D:9:      minmay_the_grid_square_5x5_4x4
          [minmay_the_grid_square_5x5_broken_cross,
          minmay_the_grid_square_5x5_two_walls_b,
          minmay_the_grid_square_5x5_slash, minmay_the_grid_square_5x5_plus,
          minmay_the_grid_square_5x5_inner_i,
          minmay_the_grid_square_5x5_prize_waves,
          minmay_the_grid_square_5x5_prize_itemx,
          minmay_the_grid_square_5x5_n_small, minmay_the_grid_square_5x5_six,
          minmay_the_grid_square_5x5_prize_monsterx,
          minmay_the_grid_square_5x5_prize_open, minmay_the_grid_square_5x5_n,
          minmay_the_grid_square_5x5_intrusive_squares,
          minmay_the_grid_square_5x5_three_walls,
          minmay_the_grid_square_5x5_inset, minmay_the_grid_square_5x5_seven],
          layout_cave_pools, lair_entry_dummy, serial_bayou,
          serial_bayou_shore_b, serial_bayou_ford_a, serial_bayou_lagoon_b,
          serial_bayou_pond_e, enter_bailey_2, hellmonk_guarded_unrand_gong
D:10:     layout_layer_cave, serial_shops, shop, enter_trove_3, uniq_erica
Temple:   dpeg_five_rooms_temple

Skill      XL: |  1  2  3  4  5  6  7  8  9 10 |
---------------+-------------------------------+-----
Staves         | 3 4 |  4.0
Armour         | 1 2 3 4 5 |  5.0
Dodging        | 3 4 5 6 |  6.6
Fighting       | 3 4 5 6 8 9 |  9.8
Evocations     | 3 5 7 10 11 | 11.9
Throwing       | |  1.7

Action                     |  1- 3 |  4- 6 |  7- 9 | 10-12 || total
---------------------------+-------+-------+-------+-------++-------
  Melee: Quarterstaff      |    83 |       |       |       ||    83
         Dagger            |    17 |   129 |   718 |   179 ||  1043
  Throw: Throwing net      |       |       |     3 |       ||     3
         Boomerang         |       |       |     2 |       ||     2
         Dart              |       |       |       |     2 ||     2
  Evoke: Wand              |       |       |     2 |    16 ||    18
    Use: Scroll            |     4 |     7 |    12 |       ||    23
         Potion            |       |       |     1 |     2 ||     3
   Stab: Held in net/web   |       |       |     5 |       ||     5
 Armour: Chain mail        |    51 |    40 |   357 |    77 ||   525
         Skin              |       |       |       |    25 ||    25
  Dodge: Dodged            |    26 |    27 |   163 |    63 ||   279

Table legend: (Time is in decaauts)
 A = Elapsed time spent in this place.
 B = Non-inter-level travel time spent in this place.
 C = Inter-level travel time spent in this place.
 D = Time resting spent in this place.
 E = Time spent auto-exploring this place.
 F = Levels seen in this place.
 G = Mean time per level.
                   A        B        C        D        E       F      G
               +--------+--------+--------+--------+--------+-----+--------+
         Total |   6296 |   5153 |   1143 |    135 |      0 |  11 |  572.4 |
       Dungeon |   6182 |   5150 |   1032 |    135 |      0 |  10 |  618.2 |
        Temple |    113 |      3 |    110 |      0 |      0 |   1 |  113.0 |
               +--------+--------+--------+--------+--------+-----+--------+

Top non-repeatable levels by time:
     D:8: 1647 daAuts
     D:4: 975 daAuts
     D:7: 806 daAuts
     D:3: 658 daAuts
     D:1: 458 daAuts
     D:5: 444 daAuts
     D:2: 420 daAuts
     D:6: 383 daAuts
    D:10: 216 daAuts
     D:9: 171 daAuts
  Temple: 113 daAuts

Table legend: (Time is in decaauts)
 A = Elapsed time spent in this place.
 B = Non-inter-level travel time spent in this place.
 C = Inter-level travel time spent in this place.
 D = Time resting spent in this place.
 E = Time spent auto-exploring this place.
 F = Levels seen in this place.
 G = Mean time per level.
                   A        B        C        D        E       F      G
               +--------+--------+--------+--------+--------+-----+--------+
         Total |   6296 |   5153 |   1143 |    135 |      0 |  11 |  572.4 |
       Dungeon |   6182 |   5150 |   1032 |    135 |      0 |  10 |  618.2 |
        Temple |    113 |      3 |    110 |      0 |      0 |   1 |  113.0 |
               +--------+--------+--------+--------+--------+-----+--------+

Top non-repeatable levels by time:
     D:8: 1647 daAuts
     D:4: 975 daAuts
     D:7: 806 daAuts
     D:3: 658 daAuts
     D:1: 458 daAuts
     D:5: 444 daAuts
     D:2: 420 daAuts
     D:6: 383 daAuts
    D:10: 216 daAuts
     D:9: 171 daAuts
  Temple: 113 daAuts

Table legend:
 A = Kills in this place as a percentage of kills in the entire game.
 B = Kills by you in this place as a percentage of kills by you in the entire game.
 C = Kills by friends in this place as a percentage of kills by friends in the entire game.
 D = Other kills in this place as a percentage of other kills in the entire game.
 E = Experience gained in this place as a percentage of experience gained in the entire game.
 F = Experience gained in this place divided by the number of levels of this place that you have seen.
                   A       B       C       D       E      F
               +-------+-------+-------+-------+-------+----------------------
         Total | 100.0 | 100.0 |   N/A |   N/A | 100.0 | 824.5
       Dungeon | 100.0 | 100.0 |   N/A |   N/A | 100.0 | 907.0
               +-------+-------+-------+-------+-------+----------------------

Levels and vault maps discovered:
D:1:      onia_arrival_zoo_common, layout_rooms
D:2:      layout_rooms, ebering_ecumenical_altar_abandoned, basic_altar,
          chequers_serial_rivers_marsh
D:3:      layout_basic, kennysheep_decorative_pillar
D:4:      layout_layer_cave, serial_shops, nicolae_lakefront_shop,
          hellmonk_ghost_happy_afterlife, minmay_stone_trees_large
D:5:      layout_cave_pools, mainiacjoe_overflow_chevrons
D:6:      layout_rooms, chequers_temple_overflow_statue_of_worship,
          minmay_temple_entry_enclosed_plants
D:7:      layout_basic
D:8:      layout_loops_ring
D:9:      minmay_the_grid_square_5x5_4x4
          [minmay_the_grid_square_5x5_broken_cross,
          minmay_the_grid_square_5x5_two_walls_b,
          minmay_the_grid_square_5x5_slash, minmay_the_grid_square_5x5_plus,
          minmay_the_grid_square_5x5_inner_i,
          minmay_the_grid_square_5x5_prize_waves,
          minmay_the_grid_square_5x5_prize_itemx,
          minmay_the_grid_square_5x5_n_small, minmay_the_grid_square_5x5_six,
          minmay_the_grid_square_5x5_prize_monsterx,
          minmay_the_grid_square_5x5_prize_open, minmay_the_grid_square_5x5_n,
          minmay_the_grid_square_5x5_intrusive_squares,
          minmay_the_grid_square_5x5_three_walls,
          minmay_the_grid_square_5x5_inset, minmay_the_grid_square_5x5_seven],
          layout_cave_pools, lair_entry_dummy, serial_bayou,
          serial_bayou_shore_b, serial_bayou_ford_a, serial_bayou_lagoon_b,
          serial_bayou_pond_e, enter_bailey_2, hellmonk_guarded_unrand_gong
D:10:     layout_layer_cave, serial_shops, shop, enter_trove_3, uniq_erica
Temple:   dpeg_five_rooms_temple
